 Dungeon Crawl Stone Soup version 0.17.1-1-g73c8601 (webtiles) character file.

16767 Glider the Basher (level 12, -7/110 HPs)
             Began as a Minotaur Fighter on Jan 9, 2016.
             Was a High Priest of the Shining One.
             Mangled by a skeletal warrior
             ... wielding a +0 glaive
              (20 damage)
             ... on level 12 of the Dungeon.
             The game lasted 00:49:34 (12002 turns).

Glider the Basher (Minotaur Fighter)               Turns: 12002, Time: 00:49:35

Health: -7/110     AC: 17    Str: 23    XL:     12   Next: 13%
Magic:  22/25      EV: 11    Int:  5    God:    the Shining One [*****.]
Gold:   567        SH: 10    Dex: 13    Spells: 2 memorised, 8 levels left

rFire  . . .     SeeInvis .     B - +4 mace (crush)
rCold  . . .     Clarity  .     m - +3 ring mail
rNeg   + + .     SustAt   .     (no shield)
rPois  .         Gourm    .     (helmet restricted)
rElec  .         Spirit   .     y - +2 cloak {MR+}
rCorr  .         Warding  .     g - +0 pair of gloves
rMut   .         Stasis   .     E - +1 pair of boots
MR     +....                    o - amulet of faith
Stlth  +.........               i - ring of magical power
                                r - ring of stealth

@: divine shield, glowing, somewhat resistant to hostile enchantments, very
unstealthy
A: retaliatory headbutt, horns 2
a: Divine Shield, Cleansing Flame, Summon Divine Warrior, Renounce Religion


You were on level 12 of the Dungeon.
You worshipped the Shining One.
The Shining One was extremely pleased with you.
You were hungry.

You visited 2 branches of the dungeon, and saw 13 of its levels.
You also visited: Sewer.

You collected 567 gold pieces.

Inventory:

Hand Weapons
 B - a +4 mace of crushing (weapon)
Armour
 g - a +0 pair of gloves (worn)
 m - a +3 ring mail (worn)
 y - a +2 cloak of magic resistance (worn)
 E - a +1 pair of boots (worn)
Rods
 s - a +1 rod of the swarm (9/9)
   (You found it on level 6 of the Dungeon)
 L - a +1 rod of inaccuracy (13/13)
   (You found it on level 11 of the Dungeon)
Jewellery
 i - a ring of magical power (right hand)
 o - an amulet of faith (around neck)
 r - a ring of stealth (left hand)
Wands
 H - a wand of disintegration (16)
 K - a wand of slowing (29)
Scrolls
 p - a scroll of identify
 t - a scroll of brand weapon
 v - 6 scrolls of remove curse
 x - 3 scrolls of recharging
 C - 2 scrolls of blinking
 F - 2 scrolls of teleportation
 G - 6 scrolls of magic mapping
 J - a scroll of immolation
Potions
 d - 2 potions of might
 f - a potion of heal wounds
 h - 6 potions of flight
 j - 2 potions of brilliance
 l - 2 potions of lignification
 q - 8 potions of curing
 u - 2 potions of resistance
 z - a potion of haste
 A - a potion of ambrosia
 D - 2 potions of agility
 M - a potion of mutation {unknown}
Books
 I - a book of Battle

   Spells                             Type                      Level
   a - Infusion                       Charms                       1
   b - Shroud of Golubria             Charms/Translocation         2
   c - Song of Slaying                Charms                       2
   d - Spectral Weapon                Hexes/Charms                 3
   e - Regeneration                   Charms/Necromancy            3
Miscellaneous
 a - an ornate deck of changes {the Mercenary}
Comestibles
 b - 2 royal jellies
 c - 3 meat rations
 e - 6 bread rations
 k - 12 fruits
 n - 6 slices of pizza
 w - 11 chunks of flesh


   Skills:
 - Level 11.1 Fighting
 - Level 14.1 Maces & Flails
 - Level 10.1 Armour
 - Level 9.0 Dodging
   Level 3.6 Shields
 * Level 7.2 Invocations
 - Level 4.0 Evocations


You had 8 spell levels left.
You knew the following spells:

 Your Spells              Type           Power        Failure   Level  Hunger
a - Apportation           Tloc           #.........   78%         1    ##.....
b - Blink                 Tloc           N/A          93%         2    ###....


Dungeon Overview and Level Annotations

Branches:
Dungeon (12/15)            Temple (0/1) D:5            Lair (1/8) D:8
    Orc (0/4) D:11

Altars:
Ashenzari
Fedhas
Nemelex Xobeh
Okawaru
Ru
Sif Muna
Xom
The Shining One

Shops:
D:11 [


Innate Abilities, Weirdness & Mutations

You reflexively headbutt those who attack you in melee.
You have a pair of horns on your head.


Message History

Your headbutt misses the skeletal warrior.
The skeletal warrior is moderately damaged.
The skeletal warrior hits you from afar with a glaive.
* * * LOW HITPOINT WARNING * * *
The golden flame engulfs you! You resist.
The golden flame engulfs the skeletal warrior.
The skeletal warrior writhes in agony!
The skeletal warrior is moderately damaged.
The golden flame engulfs the skeletal warrior.
The skeletal warrior writhes in agony!
The skeletal warrior is heavily damaged.
You are feeling hungry.
The skeletal warrior hits you with a long sword!!
* * * LOW HITPOINT WARNING * * *
The skeletal warrior closely misses you.
Okay, then.
Found a helmet.
There is a stone staircase leading up here.
The skeletal warrior hits you from afar with a glaive!!
You die...

[........#......#
........#......#
.##.....##....##
### #...a.##.....#
....##..z.........#
........z.........#
........z.........#
........z.[##....##
...[##..@..#######
... #......#
............#
...######### .. .


You could see 4 skeletal warriors and a worker ant.

Vanquished Creatures
  Josephine (D:10)
  A hydra (D:10)
  A hill giant (D:10)
  A manticore (D:11)
  An ugly thing (D:10)
  2 komodo dragons
  A fire drake (D:8)
  A two-headed ogre (D:12)
  3 trolls (D:9)
  Grinder (D:3)
  A trapdoor spider zombie (D:8)
  13 yaks
  A deep elf mage (D:11)
  5 wraiths (D:10)
  4 hippogriffs
  A wyvern (D:10)
  10 wolves (Lair:1)
  2 water moccasins (D:8)
  A phantom (D:6)
  A sky beast (D:8)
  3 ice beasts
  6 orc warriors
  3 wasps
  2 black bears
  5 ogres
  4 centaurs
  9 giant frogs
  7 big kobolds
  26 killer bees
  4 scorpions
  5 wights (D:10)
  3 hounds
  A crimson imp (D:10)
  4 electric eels (D:11)
  4 orc priests
  3 centaur zombies
  2 giant frog skeletons
  7 jellies
  A giant frog zombie (D:6)
  Crazy Yiuf (D:3)
  A centaur skeleton (D:6)
  3 iguanas
  9 worker ants
  8 orc wizards
  2 sheep (D:10)
  A hound skeleton (D:4)
  3 gnolls (D:10)
  11 river rats
  17 adders
  6 shadow imps
  An ooze (D:6)
  2 worms
  10 giant geckos
  25 orcs
  8 bats
  7 giant cockroaches
  9 goblins
  11 hobgoblins
  7 jackals
  27 kobolds
  8 quokkas
  6 ball pythons
  A giant gecko skeleton (D:4)
  6 giant newts
  2 jackal skeletons (D:5)
  10 rats
353 creatures vanquished.

Vanquished Creatures (others)
  A quokka (D:11)
1 creature vanquished.

Grand Total: 354 creatures vanquished

Notes
Turn   | Place    | Note
--------------------------------------------------------------
     0 | D:1      | Glider the Minotaur Fighter began the quest for the Orb.
     0 | D:1      | Reached XP level 1. HP: 19/19 MP: 0/0
   336 | D:1      | Reached XP level 2. HP: 26/26 MP: 1/1
   857 | D:2      | Reached skill level 4 in Maces & Flails
   968 | D:2      | Reached XP level 3. HP: 31/31 MP: 2/2
  1097 | D:2      | Found a faded altar to an unknown god.
  1171 | D:2      | Became a worshipper of the Shining One
  1171 | D:2      | Reached * piety under the Shining One
  1339 | D:2      | Reached skill level 5 in Maces & Flails
  1545 | D:3      | Noticed Grinder
  1557 | D:3      | Killed Grinder
  1557 | D:3      | Reached skill level 7 in Maces & Flails
  1557 | D:3      | Reached XP level 4. HP: 8/39 MP: 3/3
  1557 | D:3      | Reached XP level 5. HP: 9/45 MP: 4/4
  1809 | D:3      | Reached XP level 6. HP: 51/51 MP: 5/5
  2363 | D:3      | Reached skill level 8 in Maces & Flails
  2464 | D:3      | Noticed Crazy Yiuf
  2470 | D:3      | Killed Crazy Yiuf
  2916 | D:4      | Found a shimmering altar of Xom.
  2925 | D:4      | Found an iron altar of Okawaru.
  2929 | D:4      | Found a blossoming altar of Fedhas.
  3173 | D:4      | Reached skill level 9 in Maces & Flails
  3325 | D:4      | Reached skill level 11 in Maces & Flails
  3325 | D:4      | Reached XP level 7. HP: 56/68 MP: 6/6
  3364 | D:4      | Reached ** piety under the Shining One
  3367 | D:4      | Reached XP level 8. HP: 71/74 MP: 7/7
  3403 | D:4      | Found a sparkling altar of Nemelex Xobeh.
  3494 | D:4      | Found a deep blue altar of Sif Muna.
  3533 | D:5      | Entered Level 5 of the Dungeon
  3659 | D:5      | Found a glowing drain.
  3663 | Sewer    | Entered a sewer
  3876 | Sewer    | Found a glowing silver altar of Zin.
  4008 | D:5      | Found a staircase to the Ecumenical Temple.
  4596 | D:6      | Reached skill level 12 in Maces & Flails
  4856 | D:6      | Found a shattered altar of Ashenzari.
  4942 | D:6      | Reached XP level 9. HP: 10/81 MP: 8/8
  5368 | D:6      | Reached *** piety under the Shining One
  5600 | D:6      | Identified a +1 rod of the swarm (9/9) (You found it on level 6 of the Dungeon)
  5652 | D:7      | Found a sacrificial altar of Ru.
  5684 | D:7      | Reached skill level 13 in Maces & Flails
  5698 | D:7      | Found a glowing golden altar of the Shining One.
  6610 | D:8      | Reached skill level 14 in Maces & Flails
  6630 | D:8      | Reached skill level 1 in Invocations
  6657 | D:8      | Reached XP level 10. HP: 80/88 MP: 10/10
  6719 | D:8      | Learned a level 1 spell: Apportation
  6722 | D:8      | Learned a level 2 spell: Blink
  6962 | D:8      | Found a staircase to the Lair.
  6962 | D:8      | Noticed a fire drake
  6969 | D:8      | Killed a fire drake
  7021 | Lair:1   | Entered Level 1 of the Lair of Beasts
  7103 | Lair:1   | Reached skill level 5 in Invocations
  7151 | Lair:1   | Reached **** piety under the Shining One
  7311 | D:9      | Reached skill level 1 in Evocations
  8552 | D:9      | Reached XP level 11. HP: 94/94 MP: 14/14
  8664 | D:10     | Entered Level 10 of the Dungeon
  8921 | D:10     | Noticed a two-headed hydra
  8933 | D:10     | Killed a two-headed hydra
  9318 | D:10     | Noticed Josephine
  9331 | D:10     | Killed Josephine
  9437 | D:10     | Reached ***** piety under the Shining One
  9721 | D:10     | Noticed a hill giant
  9738 | D:10     | Killed a hill giant
 10673 | D:11     | Reached skill level 10 in Fighting
 10688 | D:11     | Found Gogymin's Armour Shoppe.
 10692 | D:11     | Reached skill level 10 in Armour
 11189 | D:11     | Found a staircase to the Orcish Mines.
 11641 | D:11     | Reached XP level 12. HP: 87/108 MP: 15/15
 11924 | D:12     | Identified a +1 rod of inaccuracy (13/13) (You found it on level 11 of the Dungeon)
 12002 | D:12     | Mangled by a skeletal warrior

Action                   |  1- 3 |  4- 6 |  7- 9 | 10-12 || total
-------------------------+-------+-------+-------+-------++-------
Melee: Flail             |   100 |    33 |       |       ||   133
       Mace              |       |    34 |   247 |   549 ||   830
Invok: Divine Shield     |       |       |     1 |     5 ||     6
       Cleansing Flame   |       |       |       |     1 ||     1
Evoke: Rod               |       |       |     1 |       ||     1
  Use: Scroll            |     2 |     8 |    11 |     7 ||    28
       Potion            |       |     1 |       |     2 ||     3
 Stab: Sleeping          |     1 |       |       |       ||     1
  Eat: Chunk             |     2 |     6 |    11 |    17 ||    36
